 Dungeon Crawl Stone Soup version 0.32-a0-931-g5a2cda0630 (webtiles) character file.

Game seed: 8139763960212144105

191502 Cancer the Devastator (level 18, -1/103 HPs)
             Began as a Gargoyle Conjurer on Apr 13, 2024.
             Was the Champion of Vehumet.
             Splashed by a goliath frog's acid (3 damage)
             ... on level 2 of the Swamp on Apr 14, 2024.
             The game lasted 03:38:12 (32963 turns).

Cancer the Devastator (Gargoyle Conjurer)          Turns: 32963, Time: 03:38:13

Health: -1/103     AC: 24    Str: 14    XL:     18   Next: 20%
Magic:  16/45      EV: 21    Int: 33    God:    Vehumet [******]
Gold:   4856       SH:  5    Dex: 11    Spells: 34/52 levels left

rFire   . . .        t - +6 Majin-Bo {spellvamp, MP+6 Int+6}
rCold   . . .        d - +0 buckler
rNeg    + . .        T - +0 robe "Box Jadd" {rCorr Slay+3 SInv}
rPois   ∞            e - +1 helmet
rElec   +            r - +1 cloak
rCorr   +            z - +0 pair of gloves "Kunukk" {Str+3 Dex+3}
SInv    +            K - +1 pair of boots {Fly}
Will    +....        c - amulet of magic regeneration
Stlth   ++++         Y - +5 ring of evasion
HPRegen 0.00/turn    S - +5 ring of evasion
MPRegen 0.69/turn

%: no passive effects
@: flying, inhibited regen
A: sickness immunity, AC +13, big wings, negative energy resistance 1,
electricity resistance, torment resistance 1, petrification resistance,
inhibited regeneration
}: 1/15 runes: gossamer
a: Renounce Religion


You were on level 2 of the Swamp.
You worshipped Vehumet.
Vehumet was exalted by your worship.
You visited 6 branches of the dungeon, and saw 29 of its levels.
You also visited: Ossuary and Volcano.

You collected 4856 gold pieces.

Inventory:

Hand Weapons
 t - the +6 Majin-Bo (weapon) {spellvamp, MP+6 Int+6}
   (You found it on level 10 of the Dungeon)

   Int+6:     It affects your intelligence (+6).
   MP+6:      It affects your magic capacity (+6).
Armour
 d - a +0 buckler (worn)
 e - a +1 helmet (worn)
 j - a +0 leather armour of cold resistance
 k - a -2 robe of positive energy
 r - a +1 cloak (worn)
 v - the +1 hat of Weightlessness {Harm rF+ Str+2 Dex-5}
   (You found it on level 4 of the Spider Nest)

   Str+2:     It affects your strength (+2).
   Dex-5:     It affects your dexterity (-5).
   rF+:       It protects you from fire.
   Harm:      It increases damage dealt and taken.
 y - a +4 ring mail
 z - the +0 pair of gloves "Kunukk" (worn) {Str+3 Dex+3}
   (You found it on level 3 of the Spider Nest)

   Str+3:     It affects your strength (+3).
   Dex+3:     It affects your dexterity (+3).
 F - a +0 troll leather armour
 K - a +1 pair of boots of flying (worn)
 O - a +2 robe of fire resistance
 T - the +0 robe "Box Jadd" (worn) {rCorr Slay+3 SInv}
   (You found it on level 1 of the Lair of Beasts)

   Slay+3:    It affects your accuracy & damage with ranged weapons and melee
   (+3).
   SInv:      It lets you see invisible.
   rCorr:     It protects you from acid and corrosion.
Magical Staves
 P - a staff of alchemy
Jewellery
 c - an amulet of magic regeneration (around neck)
 l - an amulet of reflection
 p - a ring of willpower
 S - a +5 ring of evasion (right hand)
 U - a ring of protection from cold
 Y - a +5 ring of evasion (left hand)
Scrolls
 f - 4 scrolls of noise
 h - 21 scrolls of teleportation
 i - 6 scrolls of fear
 m - a scroll of poison {unknown}
 u - 3 scrolls of silence {unknown}
 w - 2 scrolls of revelation
 C - a scroll of summoning {unknown}
 D - 4 scrolls of blinking
 H - a scroll of torment {unknown}
 R - a scroll of acquirement {unknown}
 Z - 3 scrolls of fog {unknown}
Potions
 a - 5 potions of cancellation
 b - 3 potions of magic
 g - 8 potions of curing
 n - 5 potions of enlightenment
 o - 7 potions of mutation
 q - 7 potions of haste {unknown}
 s - 4 potions of attraction
 x - 9 potions of ambrosia
 A - 3 potions of lignification
 B - 6 potions of heal wounds
 E - 5 potions of might
 G - 5 potions of resistance {unknown}
 L - 3 potions of degeneration {unknown}
 M - 4 potions of invisibility {unknown}
 X - 2 potions of brilliance {unknown}
Miscellaneous
 Q - a phantom mirror


   Skills:
 - Level 8.0 Fighting
 - Level 8.0 Armour
 - Level 4.0 Dodging
 - Level 8.0 Stealth
 - Level 8.0 Shields
 + Level 17.5 Spellcasting
 + Level 18.4 Conjurations
 * Level 13.6 Fire Magic
 - Level 6.0 Alchemy


You had 34 spell levels left.
You knew the following spells:

 Your Spells              Type           Power      Damage    Failure   Level
a - Magic Dart            Conj           100%       1d8       0%          1
b - Searing Ray           Conj           100%       2d8       0%          2
c - Fulminant Prism       Conj/Alch      41%        3d19      1%          4
d - Irradiate             Conj/Alch      41%        3d25      1%          5
e - Starburst             Conj/Fire      47%        6d13      1%          6

Your spell library contained the following spells:

 Spells                   Type           Power      Damage    Failure   Level
 Conjure Ball Lightning   Conj/Air       37%        3x3d12    1%          6
 Shock                    Conj/Air       100%       1d9       1%          1
 Static Discharge         Conj/Air       100%       3-8/arc   1%          2
 Inner Flame              Hex/Fire       65%        N/A       1%          3
 Iskenderun's Mystic Bla  Conj/Tloc      74%        2d15      (+2d81%     4
 Olgreb's Toxic Radiance  Alch           62%        N/A       1%          4
 Fireball                 Conj/Fire      47%        3d19      1%          5
 Ensorcelled Hibernation  Hex/Ice        56%        N/A       2%          2
 Jinxbite                 Hex            56%        N/A       2%          2
 Fugue of the Fallen      Necr           28%        N/A       4%          3
 Passwall                 Erth           28%        N/A       4%          3
 Swiftness                Air            28%        N/A       4%          3
 Airstrike                Air            14%        2d(2-18)  4%          4
 Yara's Violent Unravell  Hex/Alch       24%        3d11      4%          5
 Ignition                 Fire           43%        3d13      11%         8
 Anguish                  Hex/Necr       14%        N/A       17%         4
 Cause Fear               Hex            14%        N/A       17%         4
 Summon Lightning Spire   Summ/Air       28%        N/A       17%         4
 Ozocubu's Refrigeration  Ice            14%        4d10      96%         7
 Enfeeble                 Hex            14%        N/A       100%        7
 Discord                  Hex            14%        N/A       100%        8
 Dragon's Call            Summ           14%        N/A       100%        9


Dungeon Overview and Level Annotations

Branches:
Dungeon (15/15)            Temple (1/1) D:4            Lair (5/5) D:10
  Swamp (2/4) Lair:2       Spider (4/4) Lair:2        Slime (0/5) Lair:4
    Orc (2/2) D:9             Elf (0/3) Orc:2        Vaults (0/5) D:14
 Depths (0/4) D:15        Ossuary (visited)         Volcano (visited)

Altars:
Ashenzari
Cheibriados
Dithmenos
Elyvilon
Fedhas
Gozag
Hepliaklqana
Kikubaaqudgha
Makhleb
Nemelex Xobeh
Okawaru
Qazlal
Ru
Sif Muna
Trog
Uskayaw
Vehumet
Wu Jian
Xom
Yredelemnul
Zin
The Shining One
Beogh
Jiyva

Shops:
D:2 !   D:9 !?(   D:11 *   D:15 ([(?   Orc:1 [*?(   Orc:2 [[[?

Portals:
Hell: Lair:5

Annotations:
D:1 wall,cur
D:10 stash
Lair:2 stash
Swamp:1 Frances, Roxanne
Spider:1 Asterion


Innate Abilities, Weirdness & Mutations

You are immune to sickness and miasma.
Your stone body is resilient. (AC +13)
You are immune to poison.
Your large and strong wings let you fly.
You resist negative energy. (rN+)
You are resistant to electric shocks. (rElec)
You are resistant to unholy torment.
You are immune to petrification.
You do not regenerate when monsters are visible.


Message History

Unknown command.
Unknown command.
Unknown command.
Your fulminant prism explodes!
Unknown command.
Casting: Starburst (mildly dangerous; 1% risk of failure)
Confirm with . or Enter, or press ? or * to list all spells.
Aiming: Fulminant Prism (safe; 1% risk of failure)
Press: ? - help, Dir - move target You conjure a prism of explosive energy!
A fulminant prism comes into view.
Frances, Duchess of Pandemonium comes into view.
She is wielding a +0 heavy halberd.
Unknown command.
Unknown command.
Your fulminant prism crackles loudly.
You fly downwards.
Found 2 throwing nets, a scroll of identify and a halberd.
There is a stone staircase leading up here.
Found a scroll of identify.
The thorn hunter fires a volley of thorns at you.
The volley of thorns hits you!!
Found a stone staircase leading up.
The thorn hunter fires a volley of thorns at you.
The volley of thorns hits you!
Found a stone staircase leading down.
The thorn hunter fires a volley of thorns at you.
The volley of thorns hits you!
* * * LOW HITPOINT WARNING * * *
The thorn hunter fires a volley of thorns at you.
The volley of thorns hits you!!
* * * LOW HITPOINT WARNING * * *
A bog body comes into view.
The goliath frog misses you.
The goliath frog attacks as it pursues you!
You block the goliath frog's attack.
There is a stone staircase leading up here.
The goliath frog hits you from afar.
* * * LOW HITPOINT WARNING * * *
You are splashed with acid.
You resist.
You die...

.~~§~..~~~~~~
~~~~~..§~~~~
~~~§~~~.~~~.
.~~~~~~~~~..♣
.~~~~n~~~~...♣♣
~§~~~~........
....~.....>.♣
....§~~~~.@♣
♣~.~~~~..~♣
♣..~~~.F♣♣
♣♣♣...~~~~♣♣ ♣♣
♣♣?~~...~f~~♣♣~♣♣
♣..§~.~~~~~~...~~
♣♣~~...~~.~~~§.~~
♣.........~~~~~..
....~~~....~~~~~~~~


You could see a thorn hunter, a goliath frog and a bog body.

Vanquished Creatures
  Nikola (Spider:1)
  Rupert (D:13)
  Kirke (D:14)
  Agnes (D:14)
  Aizul (Swamp:1)
  3 emperor scorpions
  A frost giant (D:15)
  A fenstrider witch (Swamp:1)
  4 ghost moths
  3 broodmothers
  Nessos (D:15)
  2 spark wasps
  The ghost of ragingrage the Skirmisher, a journeyman CoHu of Hepliaklqana (Lair:3)
  An ettin (Orc:1)
  5 entropy weavers
  Erolcha (D:13)
  8 vault guards (D:14)
  8 hydras
  Harold (D:9)
  5 boulder beetles
  6 radroaches
  2 ogre magi (Orc:2)
  Erica (D:9)
  11 two-headed ogres
  8 death scarabs (Spider:4)
  9 centaur warriors
  3 jorogumos (Spider:4)
  3 tengu warriors
  2 death yaks (Lair:3)
  An occultist (Lair:5)
  3 demonic crawlers
  Sonja (D:11)
  A sun demon (Lair:5)
  2 skysharks (Lair:5)
  An iron troll (Orc:2)
  7 pharaoh ants
  6 sun moths
  A lindwurm (Lair:2)
  A deep troll (Orc:2)
  2 bog bodies (Swamp:1)
  7 orb spiders
  10 steelbarb worms
  A broodmother zombie (Spider:4)
  19 wolf spiders
  3 spectral wolf spiders (Spider:4)
  2 obsidian bats
  An orc knight (Orc:2)
  14 ugly things
  4 orc sorcerers
  3 cyclopes
  6 meliai
  A kobold blastminer (Orc:2)
  5 manticores
  9 moths of wrath
  3 black mambas
  5 torpor snails
  2 smoke demons
  An eye of devastation (Lair:4)
  2 orange demons (Lair:5)
  A gargoyle (D:11)
  11 elephants
  11 cane toads
  2 spectral redbacks (Spider:4)
  2 kobold demonologists (D:12)
  A freezing wraith (D:14)
  4 rime drakes
  An efreet (D:14)
  An unseen horror (D:12)
  A redback zombie (Spider:4)
  12 komodo dragons
  A tengu conjurer (D:13)
  4 polar bears
  A queen bee (Lair:1)
  A polar bear (shapeshifter) (D:13)
  2 ice devils (Lair:5)
  A tyrant leech (Swamp:1)
  13 trolls
  3 red devils
  A spectral tarantella (Spider:4)
  28 tarantellas
  27 jumping spiders
  2 spectral jumping spiders (Spider:4)
  A glass eye (Lair:4)
  Grinder (D:3)
  13 blink frogs
  A jumping spider zombie (Spider:4)
  A culicivora zombie (Spider:4)
  2 spectral culicivoras (Spider:4)
  4 tarantella zombies (Spider:4)
  2 hornets (D:9)
  5 dream sheep (Lair:4)
  The ghost of timneilson the Insei, an amateur OpSh of Gozag (D:4)
  28 culicivoras
  6 slime creatures
  A wraith (D:11)
  18 yaks
  A shadow (D:12)
  3 wyverns
  7 hogs (D:14)
  53 redbacks
  3 basilisks
  6 wargs
  5 fire bats (Volcano)
  2 steam dragons (D:9)
  4 vampire mosquitoes (D:15)
  A swamp worm (Swamp:1)
  5 hell hounds
  3 acid dragons
  11 water moccasins
  2 swamp drakes (Swamp:1)
  3 sky beasts (D:7)
  4 black bears
  12 orc warriors
  11 centaurs
  4 laughing skulls (D:14)
  20 ogres
  15 wolves
  6 kobold brigands
  Blork the orc (D:5)
  9 bullfrogs
  2 scorpions (D:5)
  30 killer bees
  A troll zombie (Ossuary)
  5 howler monkeys
  5 electric eels (Lair:2)
  3 centaur zombies (Ossuary)
  4 jellies
  5 lava snakes (Volcano)
  2 hounds (D:4)
  A human zombie (Ossuary)
  A gnoll bouda (D:7)
  9 orc priests
  An iguana (D:5)
  24 orc wizards
  An ogre zombie (Ossuary)
  7 mummies (Ossuary)
  6 gnolls
  16 adders
  A shadow imp (D:7)
  2 white imps
  2 ufetubi (D:6)
  4 adder zombies (Ossuary)
  A ribbon worm (D:2)
  2 dart slugs
  64 orcs
  3 ball pythons
  7 bats
  12 endoplasms
  2 giant cockroaches (D:3)
  9 goblins
  12 hobgoblins
  7 jackals
  5 quokkas
  4 frilled lizards
  4 goblin zombies (Ossuary)
  3 hobgoblin zombies (Ossuary)
  36 kobolds
  3 kobold zombies (Ossuary)
  4 quokka zombies (Ossuary)
  2 rats (D:3)
  6 rat zombies (Ossuary)
  A fulminant prism (D:14)
944 creatures vanquished.

Vanquished Creatures (others)
  A killer bee (D:9)
  292 fulminant prisms
293 creatures vanquished.

Grand Total: 1237 creatures vanquished

Notes
Turn   | Place    | Note
-------+----------+-------------------------------------------
     0 | D:1      | Cancer the Gargoyle Conjurer began the quest for the Orb.
     0 | D:1      | Reached XP level 1. HP: 10/10 MP: 3/3
   195 | D:1      | Reached XP level 2. HP: 15/15 MP: 5/5
   217 | D:1      | Found a faded altar of an unknown god.
   968 | D:2      | Reached XP level 3. HP: 16/19 MP: 3/6
  1052 | D:2      | Reached skill level 5 in Conjurations
  1463 | D:2      | Found Gihour's Distillery.
  1809 | D:3      | Reached XP level 4. HP: 24/24 MP: 6/8
  2381 | D:3      | Found a faded altar of an unknown god.
  2384 | D:3      | Found a glowing silver altar of Zin.
  2975 | D:3      | Reached XP level 5. HP: 28/28 MP: 4/10
  3293 | D:3      | Learned a level 2 spell: Searing Ray
  3298 | D:4      | Noticed Grinder
  3316 | D:3      | Killed Grinder
  3317 | D:3      | Reached skill level 6 in Conjurations
  3317 | D:3      | Reached XP level 6. HP: 27/32 MP: 3/12
  3522 | D:4      | Found a runed translucent door.
  3525 | D:4      | Noticed timneilson's ghost (amateur OpSh)
  3849 | D:4      | Found a staircase to the Ecumenical Temple.
  3899 | Temple   | Entered the Ecumenical Temple
  3912 | Temple   | Became a worshipper of Vehumet
  4181 | D:4      | Reached skill level 7 in Conjurations
  4521 | D:5      | Entered Level 5 of the Dungeon
  4529 | D:5      | Reached XP level 7. HP: 31/36 MP: 5/14
  4612 | D:5      | Reached skill level 1 in Fighting
  4612 | D:5      | Reached skill level 1 in Armour
  4612 | D:5      | Reached skill level 5 in Spellcasting
  5007 | D:5      | Reached XP level 8. HP: 44/44 MP: 10/15
  5166 | D:5      | Noticed Blork the orc
  5182 | D:5      | Killed Blork the orc
  5262 | D:5      | Reached skill level 8 in Conjurations
  5553 | D:6      | Noticed a troll
  5602 | D:6      | Found a sand-covered staircase.
  5619 | Ossuary  | Entered an ossuary
  5707 | Ossuary  | Reached * piety under Vehumet
  5707 | Ossuary  | Offered knowledge of Foxfire by Vehumet.
  5718 | Ossuary  | Learned a level 4 spell: Fulminant Prism
  5877 | Ossuary  | Reached skill level 1 in Shields
  6252 | Ossuary  | Offered knowledge of Sandblast by Vehumet.
  6319 | Ossuary  | Reached ** piety under Vehumet
  6794 | D:6      | Killed a troll
  6795 | D:6      | Reached skill level 9 in Conjurations
  6795 | D:6      | Reached skill level 1 in Alchemy
  6795 | D:6      | Reached XP level 9. HP: 29/48 MP: 13/19
  6958 | D:6      | Offered knowledge of Volatile Blastmotes by Vehumet.
  6978 | D:6      | Identified the +0 ring mail "Giyzodd" {rElec rC+}
  7338 | D:4      | Killed timneilson's ghost
  7527 | D:7      | Reached *** piety under Vehumet
  8184 | D:7      | Offered knowledge of Flame Wave by Vehumet.
  8198 | D:7      | Reached skill level 5 in Stealth
  8504 | D:8      | Reached skill level 10 in Conjurations
  8504 | D:8      | Reached XP level 10. HP: 32/56 MP: 15/21
  8687 | D:8      | Noticed a two-headed ogre
  8792 | D:8      | Learned a level 5 spell: Irradiate
  9129 | D:8      | Found a sparkling altar of Nemelex Xobeh.
  9229 | D:8      | Killed a two-headed ogre
  9284 | D:9      | Reached **** piety under Vehumet
  9374 | D:9      | Noticed Harold
  9406 | D:9      | Offered knowledge of Lee's Rapid Deconstruction by Vehumet.
  9406 | D:9      | Killed Harold
  9524 | D:9      | Found Ladumay's Weapon Shop.
  9622 | D:9      | Found Edweteh's Distillery.
  9625 | D:9      | Found Hod Zaimm's Magic Scroll Emporium.
  9636 | D:9      | Reached skill level 11 in Conjurations
  9714 | D:9      | Found a staircase to the Orcish Mines.
  9947 | D:9      | Noticed Erica
  9950 | D:9      | Killed Erica
  9951 | D:9      | Reached XP level 11. HP: 61/61 MP: 22/24
 10161 | D:9      | Found a glowing golden altar of the Shining One.
 10187 | D:9      | Found a hazy altar of Hepliaklqana.
 10292 | D:10     | Entered Level 10 of the Dungeon
 10378 | D:10     | Found a transporter.
 10398 | D:10     | Found a transporter.
 10577 | D:10     | Found the +6 Majin-Bo {spellvamp, MP+6 Int+6}
 10579 | D:10     | Found a transporter.
 10588 | D:10     | Found a transporter.
 10594 | D:10     | Found a transporter.
 10594 | D:10     | Found a transporter.
 10716 | D:10     | Found a staircase to the Lair.
 10811 | D:10     | You fall into a shaft and drop 2 floors!
 10979 | D:12     | Noticed a manticore
 10986 | D:12     | Killed a manticore
 11131 | D:12     | Reached skill level 12 in Conjurations
 11186 | D:12     | Noticed a cyan ugly thing
 11191 | D:12     | Killed a cyan ugly thing
 11193 | D:12     | Reached skill level 10 in Spellcasting
 11454 | D:12     | Noticed a centaur warrior
 11463 | D:12     | Killed a centaur warrior
 11683 | D:11     | Noticed Sonja
 11687 | D:11     | Killed Sonja
 11726 | D:11     | Reached ***** piety under Vehumet
 11754 | D:11     | Reached skill level 13 in Conjurations
 11755 | D:11     | Noticed a manticore
 11756 | D:11     | Offered knowledge of Sticky Flame by Vehumet.
 11764 | D:11     | Killed a manticore
 12179 | D:11     | Found Uddeg's CLEARANCE SALE!.
 12297 | D:10     | Reached XP level 12. HP: 66/66 MP: 26/26
 12799 | D:11     | Upgraded the game from 0.32-a0-928-g1cae6b7ea0 to
                  | 0.32-a0-931-g5a2cda0630
 12938 | Lair:1   | Entered Level 1 of the Lair of Beasts
 13113 | Lair:1   | You fall into a shaft and drop 1 floor!
 13324 | Lair:1   | Reached skill level 14 in Conjurations
 13547 | Lair:1   | Reached skill level 5 in Fighting
 13547 | Lair:1   | Reached skill level 5 in Armour
 13565 | Lair:1   | Identified the +0 robe "Box Jadd" {rCorr Slay+3 SInv}
 13951 | Lair:2   | Found a staircase to the Swamp.
 13981 | Lair:2   | Found a hole to the Spider Nest.
 14519 | Lair:3   | Reached skill level 5 in Shields
 14529 | Lair:3   | Found a runed translucent gate.
 14530 | Lair:3   | Found a runed translucent gate.
 14532 | Lair:3   | Noticed ragingrage's ghost (journeyman CoHu)
 14532 | Lair:3   | Noticed a ten-headed hydra
 14542 | Lair:3   | Found a runed translucent gate.
 14574 | Lair:3   | Reached XP level 13. HP: 74/74 MP: 28/28
 14578 | Lair:3   | Offered knowledge of Freezing Cloud by Vehumet.
 14876 | Lair:3   | Reached skill level 15 in Conjurations
 15770 | Lair:4   | Found a dark tunnel.
 15802 | Volcano  | Entered a volcano
 16193 | Volcano  | Found a radiant altar of Vehumet.
 16220 | Volcano  | Found a radiant altar of Vehumet.
 16596 | Lair:4   | Found a staircase to the Slime Pits.
 16674 | Lair:4   | Found a viscous altar of Jiyva.
 17534 | Lair:5   | Entered Level 5 of the Lair of Beasts
 17546 | Lair:5   | Reached skill level 5 in Alchemy
 17548 | Lair:5   | Reached skill level 16 in Conjurations
 17548 | Lair:5   | Gained mutation: Your large and strong wings let you fly.
                  | [Gargoyle growth]
 17548 | Lair:5   | Reached XP level 14. HP: 80/80 MP: 28/31
 18500 | Lair:5   | Offered knowledge of Permafrost Eruption by Vehumet.
 19163 | Lair:5   | Found a burning altar of Makhleb.
 19216 | Lair:5   | Found a gateway to Hell.
 19727 | Orc:1    | Entered Level 1 of the Orcish Mines
 19925 | Orc:1    | Found Sofiwaew's Antique Weapon Boutique.
 20261 | Orc:1    | Found Sep Pufy's Magic Scroll Boutique.
 20359 | Orc:1    | Found Ruavigeu's Armour Emporium.
 20622 | Orc:1    | Found a roughly hewn altar of Beogh.
 20645 | Orc:1    | Found Laiplocs's Assorted Antiques.
 20722 | Orc:2    | Entered Level 2 of the Orcish Mines
 20819 | Orc:2    | Offered knowledge of Fireball by Vehumet.
 20906 | Orc:2    | Found Cofeakal's Armour Emporium.
 20919 | Orc:2    | Reached XP level 15. HP: 86/86 MP: 27/33
 20940 | Orc:2    | Reached skill level 17 in Conjurations
 20953 | Orc:2    | Found Rypt's Antique Armour Boutique.
 20958 | Orc:2    | Found Geros's Antique Armour Shoppe.
 20959 | Orc:2    | Found Tacweap's Magic Scroll Emporium.
 21055 | Orc:2    | Found a staircase to the Elven Halls.
 21958 | D:13     | Noticed Rupert
 21971 | D:13     | Killed Rupert
 21981 | D:13     | Gained mutation: You do not regenerate when monsters are
                  | visible. [mutagenic glow]
 22121 | D:13     | Noticed Erolcha
 22130 | D:13     | Killed Erolcha
 22519 | D:14     | Noticed Kirke
 22526 | D:14     | Noticed a sphinx
 22528 | D:14     | Noticed a sphinx
 22531 | D:14     | Killed Kirke
 22657 | D:14     | Reached skill level 15 in Spellcasting
 23063 | D:14     | Offered knowledge of Starburst by Vehumet.
 23071 | D:14     | Learned a level 6 spell: Starburst
 23162 | D:14     | Reached skill level 1 in Fire Magic
 23195 | D:14     | Found a gate to the Vaults.
 23198 | D:14     | Noticed Agnes
 23216 | D:14     | Killed Agnes
 23217 | D:14     | Reached XP level 16. HP: 93/93 MP: 28/35
 23682 | D:15     | Entered Level 15 of the Dungeon
 23903 | D:15     | Reached skill level 5 in Fire Magic
 24000 | D:15     | Found Caomipn's Antique Weapon Shop.
 24000 | D:15     | Found Gyil's Magic Scroll Boutique.
 24034 | D:15     | Found Qidaqecs's Weapon Boutique.
 24049 | D:15     | Noticed Nessos
 24242 | D:15     | Found a blossoming altar of Fedhas.
 24254 | D:15     | Found a transporter.
 24258 | D:15     | Found Xoal's Armour Emporium.
 24267 | D:15     | Found a transporter.
 24466 | D:15     | Found a staircase to the Depths.
 24633 | D:15     | Killed Nessos
 25084 | Lair:3   | Killed ragingrage's ghost
 25180 | Spider:1 | Entered Level 1 of the Spider Nest
 25215 | Spider:1 | Noticed Nikola
 25430 | Spider:1 | Killed Nikola
 26059 | Spider:1 | Noticed Asterion
 26533 | Spider:2 | Offered knowledge of Iskenderun's Battlesphere by Vehumet.
 27877 | Spider:3 | Reached skill level 10 in Fire Magic
 28168 | Spider:3 | Reached XP level 17. HP: 97/97 MP: 33/37
 28578 | Spider:3 | Offered knowledge of Conjure Ball Lightning by Vehumet.
 29252 | Spider:3 | Identified the +0 pair of gloves "Kunukk" {Str+3 Dex+3}
 29271 | Spider:3 | Identified the -2 robe of Pathos {Fly}
 29640 | Spider:4 | Entered Level 4 of the Spider Nest
 30802 | Spider:4 | Reached skill level 18 in Conjurations
 31935 | Spider:4 | Reached XP level 18. HP: 97/103 MP: 39/39
 32097 | Spider:4 | Got a gossamer rune of Zot
 32128 | Spider:4 | Identified the +1 hat of Weightlessness {Harm rF+ Str+2
                  | Dex-5}
 32901 | Swamp:1  | Entered Level 1 of the Swamp
 32901 | Swamp:1  | Noticed Roxanne
 32908 | Swamp:1  | Identified the serpent talisman of Somewhere Else {rC+
                  | Dex+2}
 32908 | Swamp:1  | Noticed Aizul
 32913 | Swamp:1  | Paralysed by a fenstrider witch for 4 turns
 32918 | Swamp:1  | Reached ****** piety under Vehumet
 32921 | Swamp:1  | Killed Aizul
 32951 | Swamp:1  | Noticed Frances
 32958 | Swamp:2  | HP: 5/103 [thorn hunter/volley of thorns (20)]
 32963 | Swamp:2  | HP: 2/103 [goliath frog (3)]
 32963 | Swamp:2  | Splashed by a goliath frog's acid

Illustrated notes

Levels and vault maps discovered:
D:1:      evilmike_arrival_home_sweet_home, layout_basic, serial_glass,
          glass_columns_a, glass_columns_a, due_unseen_surprise,
          minmay_strange_pillars, shapermc_ecumenical_altar_starsandcircs
D:2:      layout_rooms, serial_shops, nicolae_diamond_shop,
          chequers_serial_rivers_micro_c
D:3:      minmay_razor_zed, layout_loops_ring,
          nicolae_overflow_ecumenical_swirl, st_stairs_12, eino_tiny_chamber,
          minmay_box_of_dots
D:4:      layout_basic, minmay_temple_entry_glassed_door, ebering_ghost_sewer_d,
          feat_on_display, uniq_grinder
D:5:      minmay_diamond_boxcup, layout_loops_ring, uniq_blork_the_orc
D:6:      layout_basic, chequers_ossuary_entry_cave
D:7:      minmay_flawed_box, layout_basic
D:8:      minmay_spotlight, layout_gridville, nemelex_diamond_rough_becter
D:9:      layout_loops_ring, mainiacjoe_overflow_two_lobes, orc_0_dummy,
          serial_shops, nicolae_shop_behind_doors,
          nicolae_shop_industrial_runoff, shop, uniq_harold, uniq_erica
D:10:     layout_gridville, lair_entry_dummy, serial_nicolae_subway,
          nicolae_sub_station_metal, nicolae_sub_station_stone,
          nicolae_sub_station_crystal
D:11:     layout_big_octagon, minivault_5, minmay_misc_feat_rows,
          nicolae_shop_clearance, uniq_sonja
D:12:     layout_long_grid, dreamdust_princess_corridor
D:13:     layout_irregular_city, uniq_rupert, uniq_erolcha
D:14:     layout_irregular_city, erik_vaults_2, amcnicky_mini_pool_small,
          uniq_kirke, uniq_agnes
D:15:     grunt_enter_depths_snipers, layout_loops_ring, skrybe_limestone_x,
          serial_shops, shop, nicolae_shop_waterfront, nicolae_shop_drivethru,
          shop, fedhas_altar_2, uniq_nessos
Temple:   mainiacjoe_temple_coin_purse
Lair:1:   layout_misc_corridors, special_room [special_room_bee],
          grunt_megastairs_3
Lair:2:   layout_misc_corridors, minmay_swamp_entry_eels, dummy_spider_entry
Lair:3:   layout_small_grid, gammafunk_ghost_hydra_chop
Lair:4:   layout_loops_ring, minmay_slime_entry_eyes,
          lightli_volcano_entry_magma_tube, st_stairs_11
Lair:5:   evil_forest, layout_cave_pods
Swamp:1:  layout_basic_swamp, evilmike_swamp_ruin_house_4, uniq_mlioglotl,
          uniq_aizul, uniq_frances, uniq_roxanne
Swamp:2:  layout_basic_swamp, nicolae_swamp_some_circles, swamp_pool_5,
          nicolae_swamp_tree_isthmus
Spider:1: layout_spider_delve, nicolae_spider_solar_radiation, uniq_asterion,
          uniq_nikola
Spider:2: layout_spider_delve
Spider:3: layout_cave_pods, hellmonk_motheaten_closet
Spider:4: floodkiller_spider_rune_tomb, nicolae_spider_nooks_and_crannies
Orc:1:    layout_caves, serial_shops, nicolae_shop_rolling_square,
          nicolae_shop_rolled_up, nicolae_shop_hallway_plus,
          nicolae_shop_tiny_statue_garden, basic_altar,
          nicolae_orc_hostile_takeover
Orc:2:    st_orc_open, layout_caves

Skill      XL: |  1  2  3  4  5  6  7  8  9 10 11 12 13 14 15 16 17 |
---------------+----------------------------------------------------+-----
Conjurations   | 5 6 7 9 10 11 13 14 16 17 18 | 18.4
Spellcasting   | 3 4 5 6 7 9 10 11 13 14 15 16 17 | 17.5
Fighting       | 2 3 4 6 7 8 |  8.0
Armour         | 2 3 4 6 7 8 |  8.0
Stealth        | 3 4 5 6 8 |  8.0
Shields        | 3 4 5 6 7 8 |  8.0
Alchemy        | 1 2 4 5 6 |  6.0
Dodging        | 3 4 |  4.0
Fire Magic     | 4 10 13 | 13.6

Action                     |  1- 3 |  4- 6 |  7- 9 | 10-12 | 13-15 | 16-18 || total
---------------------------+-------+-------+-------+-------+-------+-------++-------
  Melee: Spear             |    58 |    64 |   136 |       |       |       ||   258
         Unarmed           |     2 |       |       |       |       |       ||     2
         Trident           |       |       |    34 |       |       |       ||    34
         Hand axe          |       |       |     9 |    68 |       |       ||    77
         Bo                |       |       |       |   114 |   291 |   162 ||   567
         Staff             |       |       |       |       |       |     2 ||     2
   Cast: Magic Dart        |    72 |    95 |    24 |     1 |     2 |     3 ||   197
         Searing Ray       |       |     5 |    75 |    70 |   127 |   145 ||   422
         Fulminant Prism   |       |       |       |    52 |   179 |    63 ||   294
         Irradiate         |       |       |       |    13 |    25 |    10 ||    48
         Starburst         |       |       |       |       |     7 |   188 ||   195
    Use: Scroll            |       |       |       |    10 |     5 |     3 ||    18
         Potion            |       |       |       |       |     1 |       ||     1
   Stab: Sleeping          |       |     1 |     7 |     1 |     1 |     2 ||    12
 Armour: Robe              |     5 |       |   101 |       |       |   269 ||   375
         Leather armour    |    57 |    66 |    40 |       |       |       ||   163
         Troll leather arm |       |       |   107 |   290 |   443 |    67 ||   907
         Scale mail        |       |       |       |       |    22 |       ||    22
         Ring mail         |       |       |       |       |       |   173 ||   173
  Dodge: Dodged            |    50 |    51 |   173 |   472 |   729 |   661 ||  2136
  Block: Buckler           |       |       |    46 |   120 |   193 |   221 ||   580

Table legend: (Time is in decaauts)
 A = Elapsed time spent in this place.
 B = Non-inter-level travel time spent in this place.
 C = Inter-level travel time spent in this place.
 D = Time resting spent in this place.
 E = Time spent auto-exploring this place.
 F = Levels seen in this place.
 G = Mean time per level.
                   A        B        C        D        E       F      G
               +--------+--------+--------+--------+--------+-----+--------+
         Total |  33279 |  28654 |   4625 |   2897 |  11568 |  31 | 1073.5 |
       Dungeon |  15852 |  14021 |   1831 |   1020 |   7095 |  15 | 1056.8 |
        Temple |     26 |      2 |     24 |      0 |      0 |   1 |   26.0 |
          Lair |   6462 |   5403 |   1059 |    145 |   2398 |   5 | 1292.4 |
         Swamp |     61 |     61 |      0 |     16 |      0 |   2 |   30.5 |
   Spider Nest |   7777 |   6359 |   1418 |   1230 |   1687 |   4 | 1944.2 |
  Orcish Mines |   1764 |   1472 |    292 |    174 |    388 |   2 |  882.0 |
       Ossuary |    837 |    837 |      0 |    247 |      0 |   1 |  837.0 |
       Volcano |    496 |    496 |      0 |     64 |      0 |   1 |  496.0 |
               +--------+--------+--------+--------+--------+-----+--------+

Top non-repeatable levels by time:
Spider:4: 2595 daAuts
Spider:1: 2276 daAuts
Spider:3: 2170 daAuts
  Lair:5: 1830 daAuts
     D:3: 1625 daAuts
  Lair:3: 1610 daAuts
    D:10: 1283 daAuts
  Lair:4: 1253 daAuts
   Orc:1: 1247 daAuts
     D:4: 1171 daAuts
    D:15: 1156 daAuts
    D:14: 1122 daAuts
    D:12: 1121 daAuts
     D:5: 1119 daAuts
     D:9: 1038 daAuts
